[Event "Live Chess"]
[Site "Chess.com"]
[Date "2011.02.01"]
[Round "-"]
[White "hipposcottimus"]
[Black "rodolf"]
[Result "1-0"]
[CurrentPosition "8/8/8/4p1R1/3p1pkP/4r3/6PK/5R2 b - -"]
[Timezone "UTC"]
[ECO "B06"]
[ECOUrl "https://www.chess.com/openings/Modern-Defense-with-1-e4-2.d4-Bg7"]
[UTCDate "2011.02.01"]
[UTCTime "05:14:16"]
[WhiteElo "1703"]
[BlackElo "1571"]
[TimeControl "60"]
[Termination "hipposcottimus won on time"]
[StartTime "05:14:16"]
[EndDate "2011.02.01"]
[EndTime "05:16:33"]
[Link "https://www.chess.com/game/live/93533714"]

1. e4 g6 2. d4 Bg7 3. e5 Nf6 4. exf6 Bxf6 5. f4 O-O 6. Nf3 Bg7 7. Bc4 e6 8. Nc3 d5 9. Bd3 c6 10. O-O Nd7 11. Na4 Nb6 12. Nc5 a6 13. Ne5 Bxe5 14. fxe5 Qe7 15. Qf3 Nd7 16. Nb3 c5 17. Bh6 Re8 18. dxc5 Nxc5 19. Nd4 Nxd3 20. cxd3 Bd7 21. Ne2 Rac8 22. Nf4 Kh8 23. Qg3 f5 24. Bg5 Qf7 25. Qh4 Rg8 26. Qh6 Qg7 27. Rf3 Qxh6 28. Bxh6 Be8 29. Bg5 Bf7 30. Rh3 Rg7 31. Bf6 Kg8 32. Bxg7 Kxg7 33. Rf1 Rc2 34. Rhf3 Rxb2 35. h3 Rxa2 36. Kh2 Ra3 37. Rg3 g5 38. Rxg5+ Kf8 39. Nh5 Ke7 40. Nf6 Rxd3 41. Nxh7 Re3 42. Rg7 Rxe5 43. Ng5 Kf6 44. Rxf7+ Kxg5 45. Rxb7 f4 46. Rb6 Re4 47. Rxa6 e5 48. Rd6 d4 49. h4+ Kf5 50. Rh6 Re3 51. Rh5+ Kg4 52. Rg5+ 1-0

[Event "Live Chess"]
[Site "Chess.com"]
[Date "2011.02.01"]
[Round "-"]
[White "rodolf"]
[Black "hipposcottimus"]
[Result "1-0"]
[CurrentPosition "8/7R/5Q2/4p1pk/4P3/3P2K1/2r4P/8 b - -"]
[Timezone "UTC"]
[ECO "C20"]
[ECOUrl "https://www.chess.com/openings/Kings-Pawn-Opening-Kings-Head-Opening-2...Nf6"]
[UTCDate "2011.02.01"]
[UTCTime "05:12:03"]
[WhiteElo "1576"]
[BlackElo "1698"]
[TimeControl "60"]
[Termination "rodolf won by checkmate"]
[StartTime "05:12:03"]
[EndDate "2011.02.01"]
[EndTime "05:13:55"]
[Link "https://www.chess.com/game/live/93533256"]

1. e4 e5 2. f3 Nf6 3. d3 d5 4. Nc3 dxe4 5. fxe4 c5 6. Nf3 Bd6 7. Be2 Nc6 8. Be3 O-O 9. O-O Nb4 10. a3 Nc6 11. Nd5 Bg4 12. Nxf6+ Qxf6 13. Qd2 Nd4 14. Nxd4 Bxe2 15. Nxe2 Bc7 16. Rxf6 gxf6 17. Ng3 Kh8 18. Nf5 Rg8 19. Qe2 Bd8 20. Rf1 Rg6 21. Nd6 Be7 22. Nxb7 Rb8 23. Na5 Rxb2 24. Nc4 Ra2 25. g4 Bd8 26. Bxc5 Bb6 27. Bxb6 axb6 28. Nxb6 Rxa3 29. Nd5 Ra5 30. Ne7 Rg7 31. Nf5 Rg5 32. Nd6 h5 33. Nxf7+ Kh7 34. Nxg5+ fxg5 35. gxh5 Kh6 36. Rf6+ Kg7 37. Qf3 Ra1+ 38. Kg2 Ra2 39. Rf7+ Kh6 40. Kg3 Rxc2 41. Qf6+ Kxh5 42. Rh7# 1-0

[Event "Live Chess"]
[Site "Chess.com"]
[Date "2011.02.01"]
[Round "-"]
[White "hipposcottimus"]
[Black "rodolf"]
[Result "1-0"]
[CurrentPosition "4r1k1/p6p/2q1p1p1/2p1RP2/P7/8/4RK1P/8 b - -"]
[Timezone "UTC"]
[ECO "B06"]
[ECOUrl "https://www.chess.com/openings/Modern-Defense-with-1-e4-2.d4-Bg7"]
[UTCDate "2011.02.01"]
[UTCTime "05:09:30"]
[WhiteElo "1708"]
[BlackElo "1564"]
[TimeControl "60"]
[Termination "hipposcottimus won on time"]
[StartTime "05:09:30"]
[EndDate "2011.02.01"]
[EndTime "05:11:49"]
[Link "https://www.chess.com/game/live/93532714"]

1. e4 g6 2. d4 Bg7 3. e5 Nf6 4. f4 Nd5 5. c4 Nb6 6. Nc3 d6 7. Nf3 N6d7 8. Be2 Nf8 9. O-O dxe5 10. fxe5 f6 11. Ne4 f5 12. Ng3 c6 13. Bd3 e6 14. Bc2 Qe7 15. Bb3 Nfd7 16. c5 O-O 17. Bg5 Qf7 18. Bf6 Bxf6 19. exf6 Nxf6 20. Ne5 Qg7 21. Re1 Nd5 22. Ne2 Ne3 23. Nc3 Nxd1 24. Raxd1 Nd7 25. Na4 Nxe5 26. Rxe5 Bd7 27. Nc3 Rfe8 28. Rde1 Rad8 29. Ne2 Qf6 30. Nf4 Qg5 31. Nh3 Qg4 32. Nf2 Qxd4 33. Kf1 Qxb2 34. Bc4 Qd4 35. Bb3 Qb4 36. R1e3 b6 37. Nd3 Qb5 38. Kf2 bxc5 39. Nc1 Qb6 40. a4 c4 41. Bxc4 Qb2+ 42. Ne2 Qc1 43. Bd3 Qb2 44. Ba6 c5 45. Bb7 Qb6 46. Bf3 Bc6 47. g4 Bxf3 48. Kxf3 Qc6+ 49. Kf2 Rd2 50. gxf5 Rxe2+ 51. Rxe2 1-0

[Event "Live Chess"]
[Site "Chess.com"]
[Date "2011.02.01"]
[Round "-"]
[White "rodolf"]
[Black "hipposcottimus"]
[Result "0-1"]
[CurrentPosition "8/p6p/1p3kp1/8/2B5/B1R5/PP4PP/6K1 w - -"]
[Timezone "UTC"]
[ECO "C20"]
[ECOUrl "https://www.chess.com/openings/Kings-Pawn-Opening-Kings-Head-Opening"]
[UTCDate "2011.02.01"]
[UTCTime "05:07:02"]
[WhiteElo "1569"]
[BlackElo "1703"]
[TimeControl "60"]
[Termination "hipposcottimus won on time"]
[StartTime "05:07:02"]
[EndDate "2011.02.01"]
[EndTime "05:09:09"]
[Link "https://www.chess.com/game/live/93532232"]

1. e4 e5 2. f3 Nc6 3. d3 Nf6 4. c3 d5 5. Qc2 dxe4 6. fxe4 Bd6 7. Be3 Bg4 8. Nd2 O-O 9. Ngf3 Rc8 10. Be2 Be6 11. O-O Ne7 12. d4 c5 13. d5 Nexd5 14. exd5 Bxd5 15. Ng5 Bc6 16. Nc4 e4 17. Rad1 Qc7 18. Nxd6 Rcd8 19. Bxc5 Nd5 20. Ngxe4 b6 21. Ba3 Rxd6 22. Nxd6 Qd7 23. c4 Rd8 24. cxd5 Bxd5 25. Rxd5 Rc8 26. Qd3 Qc6 27. Qf5 g6 28. Qxf7+ Kh8 29. Qf6+ Kg8 30. Qf7+ Kh8 31. Qf6+ Kg8 32. Nf7 Qxf6 33. Rd8+ Kxf7 34. Rxc8 Qxf1+ 35. Bxf1 Ke6 36. Rc4 Kd7 37. Rc3 Ke6 38. Bc4+ Kf6 0-1

[Event "Live Chess"]
[Site "Chess.com"]
[Date "2011.02.01"]
[Round "-"]
[White "hipposcottimus"]
[Black "dspitt01"]
[Result "0-1"]
[CurrentPosition "6k1/5ppp/p3pb2/6P1/8/1P6/P1P5/1K1r4 w - -"]
[Timezone "UTC"]
[ECO "A06"]
[ECOUrl "https://www.chess.com/openings/Reti-Opening-Tennison-Gambit"]
[UTCDate "2011.02.01"]
[UTCTime "05:04:57"]
[WhiteElo "1698"]
[BlackElo "1898"]
[TimeControl "60"]
[Termination "dspitt01 won by checkmate"]
[StartTime "05:04:57"]
[EndDate "2011.02.01"]
[EndTime "05:06:35"]
[Link "https://www.chess.com/game/live/93531764"]

1. e4 d5 2. Nf3 dxe4 3. Ng5 Nf6 4. f3 exf3 5. Nxf3 Bg4 6. Be2 Bxf3 7. Bxf3 c6 8. O-O e6 9. d4 Bd6 10. Bg5 O-O 11. Be2 Nbd7 12. Bc4 Qc7 13. Nc3 Bxh2+ 14. Kf2 Bg3+ 15. Ke2 b5 16. Bxb5 cxb5 17. Nxb5 Qc4+ 18. Qd3 Qxd3+ 19. Kxd3 a6 20. Nc3 Rab8 21. b3 Rfe8 22. Rae1 Nd5 23. Rd1 Nxc3 24. Kxc3 Rbc8+ 25. Kb2 Nb6 26. d5 Nxd5 27. Be3 Be5+ 28. Kb1 Nxe3 29. Rfe1 Nxd1 30. Rxd1 Bf6 31. Re1 Rcd8 32. Rg1 Rd2 33. g4 Red8 34. g5 Rd1+ 35. Rxd1 Rxd1# 0-1

[Event "Live Chess"]
[Site "Chess.com"]
[Date "2011.02.01"]
[Round "-"]
[White "hipposcottimus"]
[Black "smart_indi"]
[Result "1-0"]
[CurrentPosition "1r4r1/2k1np1p/2q5/2p1Q3/8/1PP5/P2K1P1P/RN5R b - -"]
[Timezone "UTC"]
[ECO "A43"]
[ECOUrl "https://www.chess.com/openings/Old-Benoni-Defense-Franco-Benoni-Defense"]
[UTCDate "2011.02.01"]
[UTCTime "05:01:57"]
[WhiteElo "1702"]
[BlackElo "1744"]
[TimeControl "60"]
[Termination "hipposcottimus won on time"]
[StartTime "05:01:57"]
[EndDate "2011.02.01"]
[EndTime "05:03:46"]
[Link "https://www.chess.com/game/live/93531201"]

1. e4 e6 2. d4 c5 3. d5 Bd6 4. Nf3 exd5 5. e5 Be7 6. Qxd5 d6 7. Bc4 Be6 8. Qxb7 Nd7 9. exd6 Bxc4 10. dxe7 Nxe7 11. b3 Bd5 12. Qa6 Bxf3 13. gxf3 Ne5 14. Be3 Nxf3+ 15. Ke2 Nd4+ 16. Bxd4 Qxd4 17. Qb5+ Kd8 18. c3 Qe5+ 19. Kd2 Rb8 20. Qa5+ Kd7 21. Qxa7+ Qc7 22. Qa4+ Qc6 23. Qg4+ Kc7 24. Qxg7 Rhg8 25. Qe5+ 1-0

[Event "Live Chess"]
[Site "Chess.com"]
[Date "2011.02.01"]
[Round "-"]
[White "hipposcottimus"]
[Black "chemalito"]
[Result "1-0"]
[CurrentPosition "8/p7/1p3R2/1kp3K1/3r2P1/8/7P/8 b - -"]
[Timezone "UTC"]
[ECO "B00"]
[ECOUrl "https://www.chess.com/openings/Kings-Pawn-Opening-Borg-Defense-2.d4-e6"]
[UTCDate "2011.02.01"]
[UTCTime "04:59:12"]
[WhiteElo "1693"]
[BlackElo "1660"]
[TimeControl "60"]
[Termination "hipposcottimus won on time"]
[StartTime "04:59:12"]
[EndDate "2011.02.01"]
[EndTime "05:01:20"]
[Link "https://www.chess.com/game/live/93530509"]

1. e4 e6 2. d4 g5 3. e5 h6 4. Nf3 f6 5. c4 f5 6. Be2 c6 7. Nfd2 d5 8. f4 dxc4 9. Bxc4 Qxd4 10. Nc3 gxf4 11. Nf3 Qxd1+ 12. Nxd1 Ne7 13. Bxf4 Nd5 14. O-O Nxf4 15. Nd4 c5 16. Rxf4 b6 17. Nxe6 Bxe6 18. Bxe6 Nd7 19. Bxf5 Nxe5 20. Bg6+ Nxg6 21. Rf6 Rg8 22. Nc3 Be7 23. Re6 Nf4 24. Re4 Ng6 25. Nd5 Rd8 26. Nc7+ Kd7 27. Rae1 Kxc7 28. Rxe7+ Nxe7 29. Rxe7+ Rd7 30. Re6 Rgd8 31. Kf2 Rd2+ 32. Ke3 Rxb2 33. Rxh6 Rxa2 34. Rh7+ Kc6 35. Rh6+ Kb5 36. Kf4 Rdd2 37. g4 Ra4+ 38. Kg5 Rd6 39. Rxd6 Rd4 40. Rf6 1-0

[Event "Live Chess"]
[Site "Chess.com"]
[Date "2011.02.01"]
[Round "-"]
[White "chemalito"]
[Black "hipposcottimus"]
[Result "1-0"]
[CurrentPosition "4b2k/p1p4p/1p3p2/8/1KB3P1/5r1P/PPP5/R3R3 b - -"]
[Timezone "UTC"]
[ECO "C20"]
[ECOUrl "https://www.chess.com/openings/Kings-Pawn-Opening-Leonardis-Variation-2...Nf6"]
[UTCDate "2011.02.01"]
[UTCTime "04:55:54"]
[WhiteElo "1668"]
[BlackElo "1685"]
[TimeControl "60"]
[Termination "chemalito won on time"]
[StartTime "04:55:54"]
[EndDate "2011.02.01"]
[EndTime "04:58:02"]
[Link "https://www.chess.com/game/live/93529912"]

1. e4 e5 2. d3 Nf6 3. h3 d5 4. Bg5 dxe4 5. Bxf6 Qxf6 6. dxe4 Bc5 7. f3 Qe7 8. Ne2 Nc6 9. Nec3 f5 10. Nd2 O-O 11. exf5 Bxf5 12. g4 Bg6 13. Bc4+ Kh8 14. Nde4 Nd4 15. Nd5 Nxf3+ 16. Ke2 Qh4 17. Nxc5 b6 18. Ne6 Nd4+ 19. Nxd4 exd4 20. Qxd4 Rae8+ 21. Kd2 Rf2+ 22. Kc3 Qf6 23. Nxf6 gxf6 24. Qd5 Be4 25. Qf7 Rf3+ 26. Kb4 Bg6 27. Qxe8+ Bxe8 28. Rhe1 1-0

[Event "Live Chess"]
[Site "Chess.com"]
[Date "2011.02.01"]
[Round "-"]
[White "tattooindude"]
[Black "hipposcottimus"]
[Result "0-1"]
[CurrentPosition "8/7R/1p1r1k2/8/8/2K5/8/8 w - -"]
[Timezone "UTC"]
[ECO "A00"]
[ECOUrl "https://www.chess.com/openings/Mieses-Opening-Reversed-Rat-Valencia-Variation"]
[UTCDate "2011.02.01"]
[UTCTime "04:53:01"]
[WhiteElo "1705"]
[BlackElo "1694"]
[TimeControl "60"]
[Termination "hipposcottimus won on time"]
[StartTime "04:53:01"]
[EndDate "2011.02.01"]
[EndTime "04:55:04"]
[Link "https://www.chess.com/game/live/93529350"]

1. d3 e5 2. Nd2 Bb4 3. e3 Bxd2+ 4. Bxd2 d5 5. Ne2 Nc6 6. h3 f5 7. g3 Nf6 8. g4 d4 9. gxf5 Bxf5 10. Ng3 Bg6 11. e4 O-O 12. Be2 Nh5 13. Bxh5 Qf6 14. Rh2 Bxh5 15. Qxh5 Qf3 16. Qxf3 Rxf3 17. Nf5 g6 18. Rg2 Kf7 19. h4 gxf5 20. exf5 Rxf5 21. h5 Rxh5 22. Bg5 Rh1+ 23. Ke2 Rxa1 24. Rg4 Rxa2 25. Re4 Rxb2 26. f4 Rxc2+ 27. Kd1 Nb4 28. fxe5 Re8 29. Bf6 Re6 30. Rxd4 Nc6 31. Rd7+ Kg6 32. Kxc2 Nxe5 33. Bxe5 Rxe5 34. Rxc7 b6 35. Rxa7 Rc5+ 36. Kd2 Kf6 37. d4 Rd5 38. Rxh7 Rxd4+ 39. Kc3 Rd6 0-1

[Event "Live Chess"]
[Site "Chess.com"]
[Date "2011.02.01"]
[Round "-"]
[White "hipposcottimus"]
[Black "tattooindude"]
[Result "0-1"]
[CurrentPosition "2kr2r1/1pp5/p2p1b1p/3PnN2/4P3/8/PPP1Q2P/R4Kq1 w - -"]
[Timezone "UTC"]
[ECO "C00"]
[ECOUrl "https://www.chess.com/openings/French-Defense-Knight-Variation"]
[UTCDate "2011.02.01"]
[UTCTime "04:50:42"]
[WhiteElo "1694"]
[BlackElo "1705"]
[TimeControl "60"]
[Termination "tattooindude won by checkmate"]
[StartTime "04:50:42"]
[EndDate "2011.02.01"]
[EndTime "04:52:47"]
[Link "https://www.chess.com/game/live/93528705"]

1. e4 e6 2. Nf3 Ne7 3. d4 d6 4. d5 e5 5. Nfd2 Nd7 6. Nc3 h6 7. Bd3 a6 8. f4 exf4 9. O-O g5 10. Nf3 Bg7 11. Be2 Ng6 12. Nd4 Nge5 13. Bxf4 gxf4 14. Rxf4 Rg8 15. Bh5 Qg5 16. Bxf7+ Nxf7 17. Qf3 Nde5 18. Qf2 Bh3 19. Nce2 O-O-O 20. Ng3 Bxg2 21. Kxg2 Ng4 22. Qf3 Nfe5 23. Rf5 Qd2+ 24. Qe2 Qxd4 25. Rxe5 Nxe5 26. Nf5 Bf6+ 27. Kf1 Qg1# 0-1

[Event "Live Chess"]
[Site "Chess.com"]
[Date "2011.02.01"]
[Round "-"]
[White "hipposcottimus"]
[Black "capster"]
[Result "1-0"]
[CurrentPosition "2r3k1/p3rpPp/8/4q3/2p4Q/P7/1P4PP/R4R1K b - -"]
[Timezone "UTC"]
[ECO "C01"]
[ECOUrl "https://www.chess.com/openings/French-Defense-Mediterranean-Defense"]
[UTCDate "2011.02.01"]
[UTCTime "04:48:09"]
[WhiteElo "1694"]
[BlackElo "1640"]
[TimeControl "60"]
[Termination "hipposcottimus won on time"]
[StartTime "04:48:09"]
[EndDate "2011.02.01"]
[EndTime "04:49:55"]
[Link "https://www.chess.com/game/live/93528201"]

1. d4 Nf6 2. e4 e6 3. f3 d5 4. e5 Nfd7 5. Bb5 c6 6. Be2 b6 7. c4 Na6 8. cxd5 exd5 9. Nc3 Bb7 10. Nh3 Be7 11. Nf2 O-O 12. O-O c5 13. f4 cxd4 14. Qxd4 Bc5 15. Qd1 d4 16. Nce4 Bxe4 17. Nxe4 d3+ 18. Nxc5 bxc5 19. Bxd3 Nb4 20. a3 Nxd3 21. Qxd3 Rc8 22. f5 c4 23. Qc3 Re8 24. Bf4 Nc5 25. f6 Ne4 26. Qf3 Nd2 27. Bxd2 Qxd2 28. fxg7 Re7 29. Qf6 Qd4+ 30. Kh1 Qxe5 31. Qh4 1-0

[Event "Live Chess"]
[Site "Chess.com"]
[Date "2011.02.01"]
[Round "-"]
[White "capster"]
[Black "hipposcottimus"]
[Result "1-0"]
[CurrentPosition "N1b1r3/pp2kpp1/3Q2p1/4B3/8/8/PPP2PPP/R4RK1 b - -"]
[Timezone "UTC"]
[ECO "A00"]
[ECOUrl "https://www.chess.com/openings/Van-Geet-Opening-Reversed-Nimzowitsch-Variation-2.e3"]
[UTCDate "2011.02.01"]
[UTCTime "04:46:25"]
[WhiteElo "1640"]
[BlackElo "1694"]
[TimeControl "60"]
[Termination "capster won by checkmate"]
[StartTime "04:46:25"]
[EndDate "2011.02.01"]
[EndTime "04:47:39"]
[Link "https://www.chess.com/game/live/93527894"]

1. e3 e5 2. Nc3 d5 3. d3 d4 4. exd4 Qxd4 5. Be3 Qd6 6. Nf3 Nc6 7. Nb5 Qg6 8. Nxc7+ Kd7 9. Nxa8 Bd6 10. Be2 Nf6 11. O-O e4 12. dxe4 Re8 13. Bd3 Be5 14. Nxe5+ Nxe5 15. Bd4 Neg4 16. e5 Nxe5 17. Bxg6 hxg6 18. Bxe5+ Nd5 19. Qxd5+ Ke7 20. Qd6# 1-0

[Event "Live Chess"]
[Site "Chess.com"]
[Date "2011.02.01"]
[Round "-"]
[White "hipposcottimus"]
[Black "capster"]
[Result "0-1"]
[CurrentPosition "5rk1/4pp1p/p5p1/2p1b2P/2P1P1R1/3P4/Pq6/1K1R4 w - -"]
[Timezone "UTC"]
[ECO "B30"]
[ECOUrl "https://www.chess.com/openings/Sicilian-Defense-Nyezhmetdinov-Rossolimo-Attack-3...a6-4.Bxc6-bxc6"]
[UTCDate "2011.02.01"]
[UTCTime "04:44:36"]
[WhiteElo "1694"]
[BlackElo "1640"]
[TimeControl "60"]
[Termination "capster won by checkmate"]
[StartTime "04:44:36"]
[EndDate "2011.02.01"]
[EndTime "04:46:17"]
[Link "https://www.chess.com/game/live/93527468"]

1. e4 c5 2. Nf3 Nc6 3. Bb5 a6 4. Bxc6 bxc6 5. c4 d6 6. d3 Nf6 7. Nc3 g6 8. Bg5 Bg7 9. e5 dxe5 10. Nxe5 O-O 11. Nxc6 Qc7 12. Qf3 Bb7 13. Bxf6 Bxc6 14. Be5 Bxe5 15. Qe2 Bxg2 16. Rg1 Bh3 17. O-O-O Bf4+ 18. Kb1 Qd7 19. f3 Bf5 20. Ne4 Bxe4 21. fxe4 Rad8 22. Rgf1 Bh6 23. Rf3 Rb8 24. h4 Qd4 25. Rg3 Bf4 26. Rg4 Be5 27. h5 Rxb2+ 28. Qxb2 Qxb2# 0-1

[Event "Live Chess"]
[Site "Chess.com"]
[Date "2011.02.01"]
[Round "-"]
[White "capster"]
[Black "hipposcottimus"]
[Result "1-0"]
[CurrentPosition "8/8/2k3R1/2b5/2p1p1p1/2P1P1P1/5P1P/5K2 b - -"]
[Timezone "UTC"]
[ECO "A00"]
[ECOUrl "https://www.chess.com/openings/Vant-Kruijs-Opening-1...e5-2.Bc4"]
[UTCDate "2011.02.01"]
[UTCTime "04:41:52"]
[WhiteElo "1640"]
[BlackElo "1694"]
[TimeControl "60"]
[Termination "capster won on time"]
[StartTime "04:41:52"]
[EndDate "2011.02.01"]
[EndTime "04:44:14"]
[Link "https://www.chess.com/game/live/93526865"]

1. e3 e5 2. Bc4 d5 3. Bb3 c5 4. d4 c4 5. Ba4+ Bd7 6. Bxd7+ Nxd7 7. Nf3 e4 8. Ne5 Ngf6 9. Nxd7 Qxd7 10. O-O Be7 11. b3 O-O 12. bxc4 dxc4 13. Nc3 Nd5 14. Nxd5 Qxd5 15. a4 Bd8 16. Ba3 Bc7 17. Bxf8 Rxf8 18. Qg4 Qd6 19. g3 f5 20. Qg5 a6 21. Rab1 Bd8 22. Qf4 Qc6 23. Rb4 b5 24. axb5 axb5 25. Rfb1 Qg6 26. Rxb5 Qg4 27. Qxg4 fxg4 28. Rb8 Be7 29. Rxf8+ Bxf8 30. Rb8 h5 31. d5 Kf7 32. Rb7+ Kf6 33. Rb6+ Ke7 34. c3 Kd7 35. Rb5 Kd6 36. Ra5 Be7 37. Kf1 Bd8 38. Ra6+ Kxd5 39. Ra8 Bb6 40. Rg8 Bc5 41. Rxg7 Ke5 42. Rg5+ Kd6 43. Rxh5 Kc6 44. Rg5 Be7 45. Rg6+ Bd6 46. Rg5 Bc5 47. Rg6+ 1-0

[Event "Live Chess"]
[Site "Chess.com"]
[Date "2011.02.01"]
[Round "-"]
[White "hipposcottimus"]
[Black "capster"]
[Result "0-1"]
[CurrentPosition "6k1/5ppp/1p1p4/pQ1P4/8/2P4P/PP2r1q1/R6K w - -"]
[Timezone "UTC"]
[ECO "C50"]
[ECOUrl "https://www.chess.com/openings/Italian-Game"]
[UTCDate "2011.02.01"]
[UTCTime "04:39:33"]
[WhiteElo "1694"]
[BlackElo "1640"]
[TimeControl "60"]
[Termination "capster won by checkmate"]
[StartTime "04:39:33"]
[EndDate "2011.02.01"]
[EndTime "04:41:35"]
[Link "https://www.chess.com/game/live/93526362"]

1. e4 e5 2. Nf3 Nc6 3. Bc4 Nh6 4. d4 Ng4 5. h3 Nf6 6. d5 Nd4 7. Bg5 Nxf3+ 8. Qxf3 Be7 9. Nc3 d6 10. Bb5+ Bd7 11. Bc4 c6 12. Bd3 O-O 13. O-O cxd5 14. exd5 e4 15. Bxe4 Nxe4 16. Bxe7 Qxe7 17. Nxe4 Rfe8 18. Ng3 Rac8 19. Qb3 b6 20. c3 a5 21. Qc2 Bb5 22. Nf5 Qf6 23. Rfd1 Re2 24. Rd2 Rxd2 25. Qxd2 Re8 26. Qc2 Re2 27. Qb3 Qxf5 28. Qxb5 Qxf2+ 29. Kh1 Qxg2# 0-1

[Event "Live Chess"]
[Site "Chess.com"]
[Date "2011.02.01"]
[Round "-"]
[White "dspitt01"]
[Black "hipposcottimus"]
[Result "1-0"]
[CurrentPosition "3k3Q/6R1/8/8/5P2/P1P5/2P3K1/8 b - -"]
[Timezone "UTC"]
[ECO "D00"]
[ECOUrl "https://www.chess.com/openings/Queens-Pawn-Opening-Chigorin-Variation-2...c6"]
[UTCDate "2011.02.01"]
[UTCTime "04:36:45"]
[WhiteElo "1904"]
[BlackElo "1694"]
[TimeControl "60"]
[Termination "dspitt01 won by checkmate"]
[StartTime "04:36:45"]
[EndDate "2011.02.01"]
[EndTime "04:38:42"]
[Link "https://www.chess.com/game/live/93525678"]

1. d4 d5 2. Nc3 c6 3. a3 e6 4. Nf3 Nf6 5. Bg5 Be7 6. Bxf6 Bxf6 7. g3 O-O 8. Bh3 Nd7 9. O-O e5 10. Bxd7 Bxd7 11. dxe5 Be7 12. Nd4 f6 13. exf6 Bxf6 14. e4 c5 15. Nf5 Bxc3 16. bxc3 dxe4 17. Nd6 Bh3 18. Qd5+ Rf7 19. Rfe1 Qf6 20. Qxf7+ Qxf7 21. Nxf7 Kxf7 22. Rxe4 Re8 23. Rxe8 Kxe8 24. Re1+ Kf7 25. Re4 b6 26. g4 Bxg4 27. Rxg4 h5 28. Rf4+ Kg6 29. Re4 Kh7 30. Re7 Kh6 31. Rxa7 g6 32. Rb7 g5 33. Rxb6+ Kg7 34. Rc6 Kf7 35. Rxc5 Ke7 36. Rc6 Kd7 37. Rh6 Ke7 38. Rxh5 Kd7 39. Rxg5 Ke7 40. Rg6 Kf7 41. Rg5 Kf6 42. h4 Kf7 43. Kg2 Kf6 44. f4 Kf7 45. h5 Kf6 46. h6 Kf7 47. h7 Ke6 48. h8=Q Kd6 49. Qh6+ Kc7 50. Rg7+ Kd8 51. Qh8# 1-0

[Event "Live Chess"]
[Site "Chess.com"]
[Date "2011.02.01"]
[Round "-"]
[White "sekar_risbaya"]
[Black "hipposcottimus"]
[Result "0-1"]
[CurrentPosition "8/8/4k1p1/2R4p/4Pp2/5P2/4KP1P/8 w - h6"]
[Timezone "UTC"]
[ECO "A00"]
[ECOUrl "https://www.chess.com/openings/Vant-Kruijs-Opening-1...e5"]
[UTCDate "2011.02.01"]
[UTCTime "04:33:16"]
[WhiteElo "1607"]
[BlackElo "1698"]
[TimeControl "60"]
[Termination "hipposcottimus won on time"]
[StartTime "04:33:16"]
[EndDate "2011.02.01"]
[EndTime "04:35:16"]
[Link "https://www.chess.com/game/live/93524937"]

1. e3 e5 2. Nf3 e4 3. Ng5 f6 4. Nxe4 d5 5. Nec3 Bb4 6. a3 Bxc3 7. dxc3 c5 8. Bb5+ Nc6 9. Bxc6+ bxc6 10. O-O Ne7 11. Nd2 O-O 12. Nb3 c4 13. Nc5 Qb6 14. b4 cxb3 15. Nxb3 Bb7 16. Nd4 c5 17. Nf3 d4 18. cxd4 cxd4 19. Qxd4 Bxf3 20. Qxb6 axb6 21. gxf3 Nf5 22. Bb2 Nd6 23. Bd4 Rab8 24. c3 Rb7 25. a4 Nf5 26. a5 Nxd4 27. cxd4 bxa5 28. Rxa5 Re7 29. Ra3 f5 30. Rd1 f4 31. e4 Ref7 32. d5 Rf6 33. d6 Rg6+ 34. Kf1 Rd8 35. d7 Rf6 36. Rc3 Rf7 37. Rc8 Rxd7 38. Rxd8+ Rxd8 39. Rxd8+ Kf7 40. Rd5 Kf6 41. Rf5+ Ke6 42. Ke2 g6 43. Rc5 h5 0-1

[Event "Live Chess"]
[Site "Chess.com"]
[Date "2011.02.01"]
[Round "-"]
[White "hipposcottimus"]
[Black "sekar_risbaya"]
[Result "1-0"]
[CurrentPosition "8/5ppp/5k2/8/1p1b1PP1/3P4/b6P/5R1K b - g3"]
[Timezone "UTC"]
[ECO "C41"]
[ECOUrl "https://www.chess.com/openings/Philidor-Defense-3.Bc4-Nf6"]
[UTCDate "2011.02.01"]
[UTCTime "04:30:30"]
[WhiteElo "1692"]
[BlackElo "1613"]
[TimeControl "60"]
[Termination "hipposcottimus won on time"]
[StartTime "04:30:30"]
[EndDate "2011.02.01"]
[EndTime "04:32:39"]
[Link "https://www.chess.com/game/live/93524279"]

1. e4 e5 2. Nf3 d6 3. Bc4 Nf6 4. d4 Be7 5. dxe5 dxe5 6. Qxd8+ Bxd8 7. Nxe5 O-O 8. f3 Nc6 9. Bf4 Na5 10. Bd3 c5 11. b3 b5 12. O-O a6 13. Nc3 Bb6 14. Nd5 Nxd5 15. exd5 c4+ 16. Kh1 cxd3 17. cxd3 Bb7 18. Nd7 Ba7 19. Nxf8 Rxf8 20. Bc7 Bd4 21. Rac1 Nxb3 22. axb3 Bxd5 23. Bd6 Bxb3 24. Bxf8 Kxf8 25. Rc8+ Ke7 26. Rc7+ Kd6 27. Ra7 Be6 28. Rxa6+ Ke7 29. Ra7+ Kf6 30. Ra2 Bxa2 31. f4 b4 32. g4 1-0

[Event "Live Chess"]
[Site "Chess.com"]
[Date "2011.02.01"]
[Round "-"]
[White "sekar_risbaya"]
[Black "hipposcottimus"]
[Result "0-1"]
[CurrentPosition "6k1/6pp/4b3/3R4/8/5P1P/P5PK/2r5 w - -"]
[Timezone "UTC"]
[ECO "C55"]
[ECOUrl "https://www.chess.com/openings/Italian-Game-Two-Knights-Defense-4.O-O"]
[UTCDate "2011.02.01"]
[UTCTime "04:27:45"]
[WhiteElo "1620"]
[BlackElo "1685"]
[TimeControl "60"]
[Termination "hipposcottimus won on time"]
[StartTime "04:27:45"]
[EndDate "2011.02.01"]
[EndTime "04:29:50"]
[Link "https://www.chess.com/game/live/93523682"]

1. e4 e5 2. Nf3 Nc6 3. Bc4 Nf6 4. O-O d5 5. exd5 Nxd5 6. Nxe5 Nxe5 7. Re1 Bd6 8. d4 O-O 9. dxe5 Bb4 10. c3 Nb6 11. Bxf7+ Kxf7 12. c4 Kg8 13. Qxd8 Rxd8 14. Rf1 Nxc4 15. Nc3 Bxc3 16. bxc3 Rd5 17. e6 Bxe6 18. Bf4 Rc8 19. Rab1 Bf5 20. Rxb7 Na5 21. Rxa7 Nc4 22. Re1 Nd6 23. h3 Ne4 24. f3 Nxc3 25. Re7 Rc5 26. Bxc7 Nd5 27. Re5 R8xc7 28. Rxc7 Rxc7 29. Rxd5 Rc1+ 30. Kh2 Be6 0-1

[Event "Live Chess"]
[Site "Chess.com"]
[Date "2011.02.01"]
[Round "-"]
[White "hipposcottimus"]
[Black "Loukienko"]
[Result "1-0"]
[CurrentPosition "3r2k1/pQ3ppp/8/2p5/2P1P3/7P/PP1q1PP1/5RK1 b - -"]
[Timezone "UTC"]
[ECO "B20"]
[ECOUrl "https://www.chess.com/openings/Sicilian-Defense"]
[UTCDate "2011.02.01"]
[UTCTime "04:23:51"]
[WhiteElo "1678"]
[BlackElo "1682"]
[TimeControl "60"]
[Termination "hipposcottimus won on time"]
[StartTime "04:23:51"]
[EndDate "2011.02.01"]
[EndTime "04:25:47"]
[Link "https://www.chess.com/game/live/93522902"]

1. e4 c5 2. Bb5 Nc6 3. Bxc6 bxc6 4. c4 e6 5. d3 d5 6. Nc3 dxe4 7. Nxe4 Nf6 8. Qe2 Bd6 9. Nf3 O-O 10. O-O e5 11. Nxf6+ Qxf6 12. Bg5 Qg6 13. h3 Re8 14. Qe4 Bf5 15. Qxc6 Rad8 16. Rfd1 e4 17. Bxd8 Rxd8 18. Nh4 Qg5 19. Nxf5 Qxf5 20. dxe4 Qe5 21. Rxd6 Qxd6 22. Qb7 Qd2 23. Rf1 1-0